 Dungeon Crawl Stone Soup version 0.28-a0-1130-gc51a68064b (webtiles) character file.

Game seed: 12569789017453780365

102 mcbry74 the Poker (level 4, -2/33 HPs)
             Began as a Merfolk Gladiator on Dec 12, 2021.
             Killed by divine providence
             ... invoked by an orc priest
              (12 damage)
             ... on level 3 of the Dungeon.
             The game lasted 00:04:31 (2021 turns).

mcbry74 the Poker (Merfolk Gladiator)               Turns: 2021, Time: 00:04:32

Health: -2/33      AC:  4    Str: 14    XL:     4   Next: 78%
Magic:  4/4        EV: 13    Int:  9    God:
Gold:   123        SH:  0    Dex: 15    Spells: 3/3 levels left

rFire   . . .      SeeInvis .   a - +0 trident
rCold   . . .      Faith    .   (no shield)
rNeg    . . .      Spirit   .   b - +0 leather armour
rPois   .          Reflect  .   c - +0 helmet
rElec   .          Harm     .   (no cloak)
rCorr   +          Rampage  .   (no gloves)
Will    .....                   (no boots)
Stlth   +.........              (no amulet)
HPRegen 0.11/turn               e - ring of resist corrosion
MPRegen 0.09/turn               (no ring)

@: no status effects
A: (nimble swimmer 2), mertail
a: no special abilities


You were on level 3 of the Dungeon.
You visited 1 branch of the dungeon, and saw 3 of its levels.

You collected 123 gold pieces.

Inventory:

Hand Weapons
 a - a +0 trident (weapon)
Missiles
 d - 3 throwing nets
 f - 10 poisoned darts (quivered)
 h - 39 sling bullets
Armour
 b - a +0 leather armour (worn)
 c - a +0 helmet (worn)
Jewellery
 e - a ring of resist corrosion (left hand)
 g - a ring of see invisible
Wands
 l - a wand of mindburst (4)
Scrolls
 i - a scroll of enchant armour {unknown}
 j - a scroll of noise {unknown}
 k - a scroll of identify {unknown}
 m - a scroll of blinking {unknown}


   Skills:
 - Level 2.1 Fighting
 + Level 7.8 Polearms
 - Level 2.0 Throwing
 - Level 4.0 Dodging


You had 3 spell levels left.
You didn't know any spells.
Your spell library was empty.

Dungeon Overview and Level Annotations

Branches:
Dungeon (3/15)

Altars:


Innate Abilities, Weirdness & Mutations

((You are quick and stealthy near water. (Stealth+, EV+, Speed+++)))
Your lower body shifts to a powerful aquatic tail in water.


Message History

You barely miss the ball python.
The ball python is heavily wounded.
The ball python bites you. The ball python grabs you.
The ball python constricts you.
You puncture the ball python!
You kill the ball python!
You reach to attack!
You puncture the ball python!
You kill the ball python!
You see here a ball python corpse.
An orc comes into view. It is wielding a +0 falchion.
You closely miss the orc. The orc barely misses you.
You hit the orc but do no damage. The orc hits you but does no damage.
You closely miss the orc. The orc hits you with a +0 falchion.
You closely miss the orc. The orc hits you but does no damage.
You hit the orc but do no damage. The orc hits you with a +0 falchion.
You hit the orc but do no damage.
Your leather armour prevents you from hitting the orc.
The orc barely misses you.
You barely miss the orc. The orc completely misses you.
You hit the orc.
The orc is heavily wounded.
The orc hits you with a +0 falchion.
You puncture the orc!
You kill the orc!
An orc priest comes into view. It is wielding a +0 hand axe.
An orc comes into view. It is wielding a +0 dagger.
Things that are here:
a +0 falchion; a +0 leather armour; a ball python corpse The orc shouts!
The orc priest shouts!
You hear a shout! x2
You hear an angry hiss.
An orc priest comes into view. It is wielding a +0 hand axe.
You hear an angry hiss.
The orc priest calls down the wrath of Beogh upon you.
Pain shoots through your body!
* * * LOW HITPOINT WARNING * * *
The orc priest looks encouraged for a moment.
Found a book of Party Tricks.
The orc priest invokes the aid of Beogh against you.
Beogh smites you!
You die... o

#... .. ##..: ###
... 8... #.# ._.#
###...##.#### .....
......#....#o..#
#....##......#
#....##.##..##
#@##.###..#
#.###)#o#.###
#.#.o.......# #
#.#.#...###.#
#.#..#o#.##..# .#
...........#..###.#
.#.#.#.#.#........#
# #.#.#...>....# #
#.#.#........#


You could see an orc priest.

Vanquished Creatures
  An iguana (D:3)
  An adder (D:2)
  An adder skeleton (D:2)
  A worm (D:2)
  3 dart slugs
  An orc (D:3)
  9 ball pythons
  A bat (D:1)
  6 endoplasms
  2 giant cockroaches (D:1)
  4 goblins
  2 hobgoblins
  7 jackals
  2 quokkas
  3 frilled lizards
  3 kobolds
  2 rats
49 creatures vanquished.

Notes
Turn   | Place    | Note
-------+----------+-------------------------------------------
     0 | D:1      | mcbry74 the Merfolk Gladiator began the quest for the Orb.
     0 | D:1      | Reached XP level 1. HP: 16/16 MP: 1/1
   230 | D:1      | Reached skill level 5 in Polearms
   242 | D:1      | Reached XP level 2. HP: 22/22 MP: 2/2
   616 | D:1      | Reached skill level 6 in Polearms
   616 | D:1      | Reached XP level 3. HP: 12/27 MP: 3/3
  1475 | D:2      | Reached XP level 4. HP: 31/33 MP: 4/4
  1483 | D:2      | Reached skill level 7 in Polearms
  1988 | D:3      | Found a faded altar of an unknown god.
  2021 | D:3      | Killed from afar by an orc priest

Illustrated notes

Levels and vault maps discovered:
D:1:      lightli_arrival_noodles, layout_loops_ring, st_stairs_7
D:2:      layout_loops_cross
D:3:      layout_basic, general_overflow_altar,
          nicolae_ecumenical_snake_handling, corexii_hall_statues_i,
          minmay_misc_feat_rows, minmay_puff

Skill      XL: |  1  2  3  4 |
---------------+-------------+-----
Polearms       | 5 6 7 |  7.8
Fighting       | |  2.1
Throwing       | |  2.0
Dodging        | |  4.0

Action                   |  1- 3 |  4- 6 || total
-------------------------+-------+-------++-------
Melee: Trident           |   109 |    53 ||   162
 Stab: Sleeping          |     2 |       ||     2
Armor: Leather armour    |    10 |     6 ||    16
Dodge: Dodged            |    43 |    24 ||    67

Table legend: (Time is in decaauts)
 A = Elapsed time spent in this place.
 B = Non-inter-level travel time spent in this place.
 C = Inter-level travel time spent in this place.
 D = Time resting spent in this place.
 E = Time spent auto-exploring this place.
 F = Levels seen in this place.
 G = Mean time per level.
                   A        B        C        D        E       F      G
               +--------+--------+--------+--------+--------+-----+--------+
         Total |   2017 |   1981 |     36 |    379 |   1221 |   3 |  672.3 |
       Dungeon |   2017 |   1981 |     36 |    379 |   1221 |   3 |  672.3 |
               +--------+--------+--------+--------+--------+-----+--------+

Top non-repeatable levels by time:
     D:1: 1035 daAuts
     D:2: 777 daAuts
     D:3: 204 daAuts
